 Dungeon Sprint DCSS version 0.17-a0-764-gd40c196 (webtiles) character file.

1200000 namelastname112 the Sensei (level 13, -11/120 HPs)
             Began as a Demonspawn Monk on Apr 23, 2015.
             Was a Priest of Makhleb.
             Mangled by a bag of meat
             ... wielding a +9 war axe
              (30 damage)
             ... in the Dungeon (Sprint VIII: "Arena of Blood").
             The game lasted 00:00:19 (12 turns).

namelastname112 the Sensei (Demonspawn Monk)          Turns: 12, Time: 00:00:19

Health: -11/120    AC:  2    Str: 11    XL:     13   Next: 69%
Magic:  13/13      EV: 36    Int: 11    God:    Makhleb [***...]
Gold:   0          SH:  0    Dex: 27    Spells: 0 memorised, 12 levels left

rFire  . . .     SeeInvis .     i - +∞ Axe of Woe
rCold  . . .     Clarity  .     a - +0 robe
rNeg   . . .     SustAb   .     (no shield)
rPois  .         Gourm    .     (helmet restricted)
rElec  .         Spirit   .     (no cloak)
rCorr  .         Warding  .     (no gloves)
rMut   .         NoTele   +     (no boots)
MR     .....                    (no amulet)
Stlth  +++++.....               (no ring)
                                (no ring)

@: agile, not resistant to hostile enchantments, quite stealthy
A: antennae 2, powered by pain 2, spiny 2
a: Minor Destruction, Lesser Servant of Makhleb, Renounce Religion


You were in the Dungeon.
You worshipped Makhleb.
Makhleb was most pleased with you.
You were not hungry.

You visited 1 branch

Inventory:

Hand weapons
 i - the +∞ Axe of Woe (weapon)
   (You found it in the Dungeon)
Armour
 a - a +0 robe (worn)
Scrolls
 h - a scroll of blinking
Potions
 c - a potion of curing
 d - a potion of heal wounds
 e - a potion of haste
 f - 2 potions of magic
 g - a potion of berserk rage
Comestibles
 b - a bread ration


   Skills:
 + Level 17.3 Fighting
 + Level 3.2 Axes
 + Level 15.9 Dodging
 + Level 6.9 Stealth
 + Level 23.0 Unarmed Combat


You had 12 spell levels left.
You didn't know any spells.

Dungeon Overview and Level Annotations

Branches:
Dungeon (1/1)

Altars:
Makhleb


Innate Abilities, Weirdness & Mutations

You have a pair of antennae on your head.
You sometimes gain power by taking damage.
You are mostly covered in sharp spines.


Message History

You can now summon a lesser servant of Makhleb.
You feel a little better.
Your Fighting skill increases to level 17!
Your Axes skill increases to level 3!
Your Dodging skill increases to level 15!
Your Unarmed Combat skill gained 2 levels and is now at level 23!
You have reached level 13!
Your demonic ancestry asserts itself...
Sharp spines emerge from more of your body.
You hear a shout! x7
The meat berserker moves out of view.
The meat berserker rages.
You hear a shout! x6
The bag of meat hits you with a +9 war axe!!
* * * LOW HITPOINT WARNING * * *
You focus on the pain.
You feel agile all of a sudden.
You hear a shout! x2
The bag of meat hits you with a +9 war axe!!
You die...

. . .. .. #. .#
#.. ..# .###.. {
..###.
.......###...O...
........_..O.....
.....#..o).#.....
. #_.@._# .
#..o).#
....._.....
......###......
.###.. ..###. #..
.o# #.. ..# .o ..


You could see 2 meat berserkers and 4 bags of meat.

Vanquished Creatures
  3 orcs (D)
3 creatures vanquished.

Notes
Turn   | Place    | Note
--------------------------------------------------------------
     0 | D        | namelastname112, the Demonspawn Monk, began the quest for the Orb.
     0 | D        | Reached XP level 1. HP: 18/18 MP: 1/1
     3 | D        | Noticed a bag of meat
     4 | D        | Became a worshipper of Makhleb the Destroyer
     4 | D        | Acquired Makhleb's first power
     4 | D        | Acquired Makhleb's second power
     5 | D        | Noticed a bag of meat
     6 | D        | Noticed a bag of meat
     6 | D        | Noticed a bag of meat
     7 | D        | Noticed a bag of meat
     9 | D        | Noticed a bag of meat
    11 | D        | Noticed a bag of meat
    11 | D        | Killed a bag of meat
    11 | D        | Reached skill level 14 in Fighting
    11 | D        | Reached skill level 5 in Stealth
    11 | D        | Reached skill level 19 in Unarmed Combat
    11 | D        | Gained mutation: You have a pair of small antennae on your head. [demonic ancestry]
    11 | D        | Reached XP level 2. HP: 21/42 MP: 2/2
    11 | D        | Reached XP level 3. HP: 24/48 MP: 3/3
    11 | D        | Reached XP level 4. HP: 27/55 MP: 4/4
    11 | D        | Gained mutation: You sometimes gain a little power by taking damage. [demonic ancestry]
    11 | D        | Reached XP level 5. HP: 29/61 MP: 5/5
    11 | D        | Gained mutation: You have a pair of antennae on your head. [demonic ancestry]
    11 | D        | Reached XP level 6. HP: 32/68 MP: 6/6
    11 | D        | Reached XP level 7. HP: 34/74 MP: 7/7
    11 | D        | Gained mutation: You are partially covered in sharp spines. [demonic ancestry]
    11 | D        | Reached XP level 8. HP: 37/81 MP: 8/8
    11 | D        | Reached XP level 9. HP: 39/87 MP: 9/9
    11 | D        | Gained mutation: You sometimes gain power by taking damage. [demonic ancestry]
    11 | D        | Reached XP level 10. HP: 42/94 MP: 10/10
    11 | D        | Reached XP level 11. HP: 44/100 MP: 11/11
    11 | D        | HP: 1/100 [bag of meat/+9 war axe (43)]
    12 | D        | Noticed a meat berserker
    12 | D        | Noticed a bag of meat
    12 | D        | Killed a bag of meat
    12 | D        | Reached skill level 21 in Unarmed Combat
    12 | D        | Reached XP level 12. HP: 1/111 MP: 12/12
    12 | D        | Killed a bag of meat
    12 | D        | Acquired Makhleb's third power
    12 | D        | Reached skill level 15 in Dodging
    12 | D        | Reached skill level 23 in Unarmed Combat
    12 | D        | Gained mutation: You are mostly covered in sharp spines. [demonic ancestry]
    12 | D        | Reached XP level 13. HP: 49/120 MP: 13/13
    12 | D        | Mangled by a bag of meat

Action                   |  1- 3 |  4- 6 |  7- 9 | 10-12 | 13-15 || total
-------------------------+-------+-------+-------+-------+-------++-------
Melee: Executioner's axe |     1 |       |       |     1 |       ||     2
